 Dungeon Crawl Stone Soup version 0.31-a0-564-g3b7de120b3 (webtiles) character file.

Game seed: 4660555818377215970

563 heikuro the Shield-Bearer (level 7, -6/55 HPs)
             Began as a Formicid Fighter on Aug 18, 2023.
             Was a Believer of Makhleb.
             Mangled by a kobold brigand
             ... wielding a +0 whip
              (9 damage)
             ... in a sewer.
             The game lasted 00:13:21 (3419 turns).

heikuro the Shield-Bearer (Formicid Fighter)        Turns: 3419, Time: 00:13:21

Health: -6/55      AC: 14    Str: 22    XL:     7   Next: 58%
Magic:  8/8        EV:  8    Int:  8    God:    Makhleb [**....]
Gold:   67         SH:  5    Dex: 13    Spells: 6/6 levels left

rFire   . . .        a - +0 war axe
rCold   . . .        c - +0 buckler
rNeg    . . .        k - +5 chain mail {ponderous}
rPois   +            (helmet unavailable)
rElec   .            (no cloak)
rCorr   .            (no gloves)
SInv    +            (no boots)
Will    .....        (no amulet) Stlth
                     (no ring)
HPRegen 0.29/turn    (no ring)
MPRegen 0.11/turn

%: no passive effects
@: mighty, very slow
A: permanent stasis, dig shafts and tunnels, antennae 3, four strong arms,
poison resistance
a: Dig, Renounce Religion, Minor Destruction


You were in a sewer.
You worshipped Makhleb.
Makhleb was pleased with you.
You visited 1 branch of the dungeon, and saw 4 of its levels.
You also visited: Sewer.

You collected 151 gold pieces.
You spent 84 gold pieces at shops.

Inventory:

Hand Weapons
 a - a +0 war axe (weapon)
Missiles
 e - 16 poisoned darts (quivered)
 n - a throwing net
 r - 2 atropa-tipped darts
Armour
 b - a +0 scale mail
 c - a +0 buckler (worn)
 k - a +5 chain mail of ponderousness (worn)
Wands
 t - a wand of polymorph (8)
Scrolls
 f - 2 scrolls of amnesia {unknown}
 i - 2 scrolls of vulnerability {unknown}
 j - 5 scrolls of teleportation {unknown}
 q - a scroll of revelation {unknown}
 u - a scroll of noise {unknown}
 v - a scroll of torment {unknown}
 w - a scroll of fear {unknown}
Potions
 g - 2 potions of enlightenment
 l - 2 potions of curing
 m - 3 potions of mutation
 o - a potion of attraction {unknown}
 p - 2 potions of resistance {unknown}
 s - a potion of ambrosia {unknown}
 x - a potion of experience {unknown}
 z - a potion of magic {unknown}


   Skills:
 + Level 4.8 Fighting
 * Level 4.9 Axes
 + Level 4.9 Armour
 + Level 5.7 Shields
 + Level 2.3 Invocations


You had 6 spell levels left.
You didn't know any spells.
Your spell library contained the following spells:

 Spells                   Type           Power      Damage    Failure   Level
 Apportation              Tloc           0%         N/A       97%         1
 Kiss of Death            Conj/Necr      0%         2d5       97%         1
 Necrotise                Necr           0%         1d4       97%         1
 Summon Small Mammal      Summ           0%         N/A       97%         1
 Call Canine Familiar     Summ           0%         N/A       100%        3
 Summon Guardian Golem    Hex/Summ       0%         N/A       100%        3
 Tukima's Dance           Hex            0%         N/A       100%        3
 Summon Mana Viper        Hex/Summ       0%         N/A       100%        5


Dungeon Overview and Level Annotations

Branches:
Dungeon (4/15)              Sewer (1/1)
 Temple: D:4-7

Altars:
Cheibriados
Elyvilon
Hepliaklqana
Makhleb
Trog
Wu Jian

Shops:
D:2 [


Innate Abilities, Weirdness & Mutations

You cannot be hasted, slowed, berserked, paralysed or teleported.
You can dig through walls and to a lower floor.
You have a pair of large antennae on your head. (SInv)
Your four strong arms can wield two-handed weapons with a shield.
Your system is resistant to poisons. (rPois)


Message History

You closely miss the kobold brigand.
You hit the kobold brigand but do no damage.
The kobold brigand barely misses you.
The kobold brigand hits you with a +0 dagger.
The kobold brigand hits you but does no damage.
Your unstable footing causes you to fumble your attack.
You block the kobold brigand's attack.
The kobold brigand hits you but does no damage.
You block the kobold brigand's attack.
You closely miss the kobold brigand.
The kobold brigand is moderately wounded.
You slash the kobold brigand! You hit the kobold brigand.
The kobold brigand hits you but does no damage. x2
The kobold brigand hits you with a +0 club.
* * * LOW HITPOINT WARNING * * *
The kobold brigand splashes around in the water.
You feel very mighty all of a sudden.
The kobold brigand hits you with a +0 dagger.
* * * LOW HITPOINT WARNING * * *
The kobold brigand closely misses you.
The kobold brigand hits you with a +0 whip.
* * * LOW HITPOINT WARNING * * *
Unknown command.
Your unstable footing causes you to fumble your attack.
The kobold brigand hits you but does no damage. x3
The kobold brigand closely misses you. You block the kobold brigand's attack.
Unknown command.
You slash the kobold brigand!
The kobold brigand is heavily wounded.
You closely miss the kobold brigand. You slash the kobold brigand!
The kobold brigand splashes around in the water.
The kobold brigand hits you with a +0 dagger.
* * * LOW HITPOINT WARNING * * *
The kobold brigand closely misses you.
Your unstable footing causes you to fumble your attack.
The kobold brigand hits you with a +0 whip.
* * * LOW HITPOINT WARNING * * *
The kobold brigand closely misses you. You block the kobold brigand's attack.
The kobold brigand hits you with a +0 whip!
You die...

###### ###### #!..!#
#....# #[.∩.# #.∩..#
#....# ###....#
.?..#~≈~#.)))#
###K)##~~~##''##
#.K@K~~~≈~#~~..###
#..~~P#~≈~#~~~...#
#...~~#~≈~#~.~...##
#..~~P#~≈~#.......#
#.....#~≈~#~......#
#.....#~~~#~......#
##..P.#~≈~#P~P....##
##..~P#~≈~#~~~..†..#
###.P.~~#~≈~~~~~.....#


You could see 3 kobold brigands.

Vanquished Creatures
  An ice beast (D:4)
  A scorpion (D:4)
  4 hounds
  2 iguanas (D:4)
  Jessica (D:3)
  3 gnolls (D:2)
  7 adders
  A worm (D:4)
  5 dart slugs
  An orc (D:3)
  4 endoplasms
  9 giant cockroaches
  6 goblins
  8 hobgoblins
  4 jackals
  20 kobolds
  7 quokkas
  8 ball pythons
  5 bats
  8 frilled lizards
  15 rats
120 creatures vanquished.

Notes
Turn   | Place    | Note
-------+----------+-------------------------------------------
     0 | D:1      | heikuro the Formicid Fighter began the quest for the Orb.
     0 | D:1      | Reached XP level 1. HP: 18/18 MP: 1/1
    90 | D:1      | Reached XP level 2. HP: 18/24 MP: 2/2
   292 | D:1      | Reached XP level 3. HP: 29/29 MP: 3/3
   947 | D:2      | Found Werepy's Armour Shop.
   956 | D:2      | Bought a +5 chain mail of ponderousness for 84 gold pieces
  1303 | D:2      | Reached XP level 4. HP: 11/37 MP: 4/4
  1948 | D:3      | Reached XP level 5. HP: 42/42 MP: 5/5
  2002 | D:3      | Noticed Jessica
  2128 | D:3      | Killed Jessica
  2129 | D:3      | Reached skill level 5 in Shields
  2162 | D:3      | Found a faded altar of an unknown god.
  2689 | D:4      | Found a burning altar of Makhleb.
  2689 | D:4      | Found a snail-covered altar of Cheibriados.
  2689 | D:4      | Found a white marble altar of Elyvilon.
  2699 | D:4      | Became a worshipper of Makhleb the Destroyer
  2723 | D:4      | Reached XP level 6. HP: 48/48 MP: 6/6
  2759 | D:4      | Reached skill level 1 in Invocations
  2776 | D:4      | Got the Thoughts on Beguiling Shades
  2781 | D:4      | Found a bloodstained altar of Trog.
  2782 | D:4      | Found an ornate altar of the Wu Jian Council.
  2835 | D:4      | Noticed an ice beast
  2843 | D:4      | Killed an ice beast
  2844 | D:4      | Reached XP level 7. HP: 34/55 MP: 6/8
  2875 | D:4      | Reached * piety under Makhleb
  2981 | D:4      | Found a faded altar of an unknown god.
  2981 | D:4      | Found a hazy altar of Hepliaklqana.
  2983 | D:4      | Found a faded altar of an unknown god.
  3149 | D:4      | Found a glowing drain.
  3162 | Sewer    | Entered a sewer
  3337 | Sewer    | Reached ** piety under Makhleb
  3386 | Sewer    | Gained mutation: Your system is resistant to poisons.
                  | (rPois) [potion of mutation]
  3386 | Sewer    | Lost mutation: Your system is resistant to poisons. (rPois)
                  | [potion of mutation]
  3386 | Sewer    | Gained mutation: Your system is resistant to poisons.
                  | (rPois) [potion of mutation]
  3419 | Sewer    | Mangled by a kobold brigand

Illustrated notes

Levels and vault maps discovered:
D:1:      scummos_arrival_hexagon, layout_basic, minmay_misc_feat_ornament,
          corexii_corridor_pit, minmay_close_crescents
D:2:      layout_loops_corners, serial_shops, nicolae_shop_crystal,
          minmay_misc_feat_secret_circle
D:3:      layout_loops_ring, shapermc_ecumenical_altar_starsandcircs,
          uniq_jessica
D:4:      layout_loops_ring, okawaru_altar_gauntlet_db,
          chequers_temple_overflow_statue_of_worship, kennysheep_mini,
          nicolae_hepliaklqana_ecumenical_no_more,
          gammafunk_temple_overflow_forgotten, gup_sewer_entry_bubbles,
          minmay_fractal_squares_diagonal_5, uniq_crazy_yiuf_cottage,
          uniq_grinder
Sewer:    kennysheep_pipe_town

Skill      XL: |  1  2  3  4  5  6  7 |
---------------+----------------------+-----
Axes           | 3 4 |  4.9
Armour         | 4 |  4.9
Fighting       | 4 |  4.8
Shields        | 5 |  5.7
Invocations    | 1 2 |  2.3

Action                     |  1- 3 |  4- 6 |  7- 9 || total
---------------------------+-------+-------+-------++-------
  Melee: War axe           |    98 |   119 |   173 ||   390
    Use: Scroll            |       |     2 |     1 ||     3
         Potion            |       |       |     2 ||     2
 Armour: Scale mail        |    27 |       |       ||    27
         Chain mail        |    22 |    73 |   144 ||   239
  Dodge: Dodged            |    35 |    48 |    90 ||   173
  Block: Buckler           |    25 |    39 |    59 ||   123

Table legend: (Time is in decaauts)
 A = Elapsed time spent in this place.
 B = Non-inter-level travel time spent in this place.
 C = Inter-level travel time spent in this place.
 D = Time resting spent in this place.
 E = Time spent auto-exploring this place.
 F = Levels seen in this place.
 G = Mean time per level.
                   A        B        C        D        E       F      G
               +--------+--------+--------+--------+--------+-----+--------+
         Total |   3768 |   3609 |    159 |    148 |   2039 |   5 |  753.6 |
       Dungeon |   3458 |   3299 |    159 |    148 |   1976 |   4 |  864.5 |
         Sewer |    310 |    310 |      0 |      0 |     62 |   1 |  310.0 |
               +--------+--------+--------+--------+--------+-----+--------+

Top non-repeatable levels by time:
     D:2: 1075 daAuts
     D:1: 936 daAuts
     D:3: 849 daAuts
     D:4: 597 daAuts
   Sewer: 310 daAuts
